 Dungeon Crawl Stone Soup version 0.30-a0-1043-g60ff8d5f49 (webtiles) character file.

Game seed: 14836414787537801737

109 DeathPants the Stinger (level 4, -4/36 HPs)
             Began as a Naga Venom Mage on Apr 9, 2023.
             Slain by an orc
             ... wielding a +0 hand axe
              (7 damage)
             ... on level 2 of the Dungeon.
             The game lasted 00:07:31 (2862 turns).

DeathPants the Stinger (Naga Venom Mage)            Turns: 2862, Time: 00:07:32

Health: -4/36      AC:  2    Str: 12    XL:     4   Next: 90%
Magic:  5/7        EV:  9    Int: 16    God:
Gold:   59         SH:  0    Dex: 11    Spells: 2/8 levels left

rFire   . . .      SeeInvis +    f - +0 short sword
rCold   . . .      Faith    .    (no shield)
rNeg    . . .      Spirit   .    a - +0 robe
rPois   +          Reflect  .    (no helmet)
rElec   .          Rampage  .    (no cloak)
rCorr   .                        (no gloves)
Will    +....                    (no barding)
Stlth   ++                       (no amulet)
HPRegen 0.26/turn                l - ring of willpower
MPRegen 0.10/turn                (no ring)

@: invisible, very slow
A: AC +1, large, see invisible, deformed body, poison resistance, slowness 2,
spit poison 1, naga tail 1
a: Spit Poison


You were on level 2 of the Dungeon.
You visited 1 branch of the dungeon, and saw 3 of its levels.

You collected 59 gold pieces.

Inventory:

Hand Weapons
 f - a +0 short sword (weapon)
Missiles
 r - a throwing net
Armour
 a - a +0 robe (worn)
Magical Staves
 q - a staff of death
Jewellery
 l - a ring of willpower (left hand)
Scrolls
 c - a scroll of brand weapon {unknown}
 d - a scroll of teleportation
 e - 2 scrolls of amnesia
 g - a scroll of magic mapping
 i - a scroll of blinking
 j - a scroll of immolation {unknown}
 k - a scroll of enchant weapon {unknown}
 m - a scroll of poison {unknown}
Potions
 b - a potion of magic
 p - a potion of haste {unknown}


   Skills:
 - Level 1.5 Dodging
 - Level 3.0 Stealth
 + Level 2.5 Spellcasting
 - Level 1.0 Transmutations
 * Level 2.1 Air Magic
 - Level 6.0 Poison Magic


You had 2 spell levels left.
You knew the following spells:

 Your Spells              Type           Power      Damage    Failure   Level
a - Sting                 Tmut/Pois      52%        1d5       4%          1
b - Poisonous Vapours     Pois/Air       30%        N/A       5%          2
c - Mephitic Cloud        Conj/Pois/Air  10%        N/A       19%         3

Your spell library contained the following spells:

 Spells                   Type           Power      Damage    Failure   Level
 Lesser Beckoning         Tloc           4%         N/A       30%         2
 Olgreb's Toxic Radiance  Pois           21%        N/A       17%         4
 Gell's Gravitas          Tloc           2%         N/A       52%         3
 Teleport Other           Tloc           2%         N/A       52%         3


Dungeon Overview and Level Annotations

Branches:
Dungeon (3/15)

Altars:

Shops:
D:1 [


Innate Abilities, Weirdness & Mutations

Your serpentine skin is tough. (AC +1)
You have supernaturally acute eyesight. (SInv)
Armour fits poorly on your strangely shaped body.
Your system is resistant to poisons. (rPois)
You cover ground very slowly.
You can spit poison.
You have a snake-like lower body.


Message History

There is a stone staircase leading down, spattered with blood here.
You climb downwards.
The orc hits you but does no damage.
There is a stone staircase leading up here.
The orc wizard hits you with a +0 dagger.
The orc hits you with a +0 hand axe.
You climb upwards.
There is a stone staircase leading down, spattered with blood here.
The orc misses you. The orc wizard casts a spell at you.
The magic dart hits you! The orc closely misses you.
The orc hits you with a +0 hand axe.
The orc wizard attacks as you move away!
The orc wizard hits you with a +0 dagger. x2
Aiming: Sting (safe; 4% risk of failure)
Press: ? - help, Q - select action, (/) - cycle Shift-Dir - straight line
Okay, then.
The orc attacks as you move away! The orc barely misses you.
Aiming: Sting (safe; 4% risk of failure)
Press: ? - help, Q - select action, (/) - cycle Shift-Dir - straight line, f - orc wizard
Aim: an orc wizard, wielding a +0 dagger and wearing a +0 robe (64% to hit)
The sting hits the orc wizard but does no damage.
The orc wizard is poisoned.
The orc wizard gestures at you while chanting.
The magic dart hits you.
* * * LOW HITPOINT WARNING * * *
Aiming: Sting (safe; 4% risk of failure)
Press: ? - help, Q - select action, (/) - cycle Shift-Dir - straight line, f/p - orc wizard
Aim: an orc wizard, wielding a +0 dagger and wearing a +0 robe (poisoned, 64% to hit)
The sting hits the orc wizard but does no damage.
The orc wizard looks even sicker.
You fade into invisibility!
The orc wizard hits you with a +0 dagger.
* * * LOW HITPOINT WARNING * * *
The orc hits you with a +0 hand axe.
* * * LOW HITPOINT WARNING * * *
You closely miss the orc wizard.
The orc wizard is moderately wounded.
The orc wizard hits you but does no damage.
The orc hits you with a +0 hand axe!
You die...

#~...~# #.#### #....# ##..
#~...~# #....# #....# ##' #~~.~~#
#.##.######.###### #. ###+###
##.#.#.#.#.#.#.#.#######. ##..#
#........................ ##.####
##.#.#.#.#.#)#.#.#.####.. ......#
#..................# #... #####.#
##.#.#.#.#.#.#.#.#.# ##..
...##.###.......@o...>.....#####.
##.......#.#.#.#o#.#[#.#.#...###)
......##########..####.###.#....†
####### ##.####.# #.#####.
#......# #....... ########
########


You could see an orc wizard (unable to see you, very poisoned) and an orc
(unable to see you).

Vanquished Creatures
  An orc priest (D:2)
  3 adders (D:2)
  2 worms (D:2)
  A dart slug (D:1)
  An orc (D:2)
  5 bats
  5 endoplasms
  2 giant cockroaches
  4 hobgoblins
  2 quokkas
  2 ball pythons (D:1)
  4 frilled lizards
  3 goblins (D:2)
  5 kobolds
  4 rats
44 creatures vanquished.

Notes
Turn   | Place    | Note
-------+----------+-------------------------------------------
     0 | D:1      | DeathPants the Naga Venom Mage began the quest for the Orb.
     0 | D:1      | Reached XP level 1. HP: 15/15 MP: 3/3
   185 | D:1      | You fall into a shaft and drop 1 floor!
   332 | D:3      | Reached XP level 2. HP: 22/22 MP: 3/5
   397 | D:2      | Reached skill level 5 in Poison Magic
   551 | D:1      | Reached XP level 3. HP: 28/28 MP: 4/6
   771 | D:1      | Found Vyalon's Antique Armour Emporium.
  1467 | D:2      | Reached skill level 6 in Poison Magic
  1470 | D:2      | Learned a level 2 spell: Poisonous Vapours
  1474 | D:2      | Learned a level 3 spell: Mephitic Cloud
  2012 | D:2      | Reached skill level 1 in Air Magic
  2012 | D:2      | Reached XP level 4. HP: 36/36 MP: 3/7
  2862 | D:2      | Slain by an orc

Illustrated notes

Levels and vault maps discovered:
D:1:      kennysheep_arrival_forest, layout_rooms, serial_shops, shop,
          nicolae_hexahallways
D:2:      layout_loops_corners, kennysheep_minor_cross, grunt_ministairs_4,
          st_stairs_12
D:3:      layout_basic, lemuel_zombie_altar_yredelemnul,
          hellmonk_ecumenical_altar_defaced_shrine

Skill      XL: |  1  2  3  4 |
---------------+-------------+-----
Poison Magic   | 5 6 |  6.0
Air Magic      | 1 2 |  2.1
Dodging        | |  1.5
Stealth        | |  3.0
Spellcasting   | |  2.5
Transmutations | |  1.0

Action                     |  1- 3 |  4- 6 || total
---------------------------+-------+-------++-------
  Melee: Unarmed           |     8 |       ||     8
         Short sword       |    34 |     6 ||    40
         Punch             |     1 |       ||     1
   Cast: Sting             |    72 |    25 ||    97
Ability: Spit Poison       |     1 |       ||     1
    Use: Scroll            |       |     7 ||     7
         Potion            |       |     1 ||     1
 Armour: Robe              |    13 |     5 ||    18
  Dodge: Dodged            |    45 |    10 ||    55

Table legend: (Time is in decaauts)
 A = Elapsed time spent in this place.
 B = Non-inter-level travel time spent in this place.
 C = Inter-level travel time spent in this place.
 D = Time resting spent in this place.
 E = Time spent auto-exploring this place.
 F = Levels seen in this place.
 G = Mean time per level.
                   A        B        C        D        E       F      G
               +--------+--------+--------+--------+--------+-----+--------+
         Total |   3490 |   3402 |     88 |     41 |   2766 |   3 | 1163.3 |
       Dungeon |   3490 |   3402 |     88 |     41 |   2766 |   3 | 1163.3 |
               +--------+--------+--------+--------+--------+-----+--------+

Top non-repeatable levels by time:
     D:2: 2097 daAuts
     D:1: 1345 daAuts
     D:3: 48 daAuts
